[Event "Romanian Team Blitz Open 2022"]
[Site "Sebes"]
[Date "2022.12.04"]
[Round "4.11"]
[White "Ghimpu, Samuel-Timotei"]
[Black "Vrencian, Lehel"]
[Result "1-0"]
[ECO "A31"]
[WhiteElo "2455"]
[BlackElo "2226"]
[Annotator "TA"]
[PlyCount "65"]
[EventDate "2022.12.04"]
[EventType "blitz"]
[EventCountry "ROU"]
[SourceTitle "playchess.com"]
[Source "ChessBase"]
[SourceQuality "1"]
[TimeControl "180+2"]

1. e4 c5 2. Nf3 e6 3. d4 cxd4 4. Nxd4 a6 5. c4 Nf6 6. Nc3 d6 7. Be2 b6 8. O-O Bb7 9. f3 Be7 10. Be3 Nbd7 11. Qd2 O-O 12. Kh1 {[%emt 0:00:39] A31: Symmetrical English: 2 Nf3 Nf6 3 d4.} Qc7 13. Rfc1 Rac8 14. a4 {[%emt 0:00:01][%cal Oa4a5] White is slightly better.} Rfe8 (14... Qb8 $14) 15. a5 $16 bxa5 16. Nb3 Qb8 17. Nxa5 (17. Rxa5 Bxe4 $1 18. fxe4 Qxb3 $11) 17... Ba8 {[%emt 0:00:02] Against c5} 18. b4 {[%emt 0:00:07] [#]} d5 $146 (18... Qxb4 $2 19. Rcb1 d5 20. Rxb4 $18 (20. cxd5 $2 Qxc3 21. dxe6 fxe6 $19) (20. exd5 Qd6 $16)) ({Predecessor:} 18... Ne5 19. b5 axb5 20. Nxb5 Rcd8 21. Rcb1 d5 22. cxd5 exd5 23. Nd4 Qc7 24. Rc1 Qd6 {1-0 (40) Khismatullin,D (2534)-Tunik,G (2491) Moscow 2004}) 19. c5 $1 {[%emt 0:00:16] Strongly threatening exd5.} (19. exd5 Bxb4 20. Nc6 (20. Bf4 Qb6 $17) 20... Bxc6 21. dxc6 Rxc6 $15) (19. cxd5 exd5 20. Bxa6 Rcd8 $14) 19... dxe4 20. fxe4 (20. Bxa6 $2 exf3 21. c6 Rxc6 22. Nxc6 Bxc6 $19) (20. Nxe4 $16 Nxe4 21. Qxd7 (21. fxe4 Nf6 $16)) 20... Ne5 (20... Qxb4 $14 21. Rcb1 (21. Bxa6 Rxc5 22. Bxc5 Nxc5 $15) 21... Nxe4 22. Rxb4 (22. Qxd7 $2 Qxc3 23. Nc4 Nxc5 $19) 22... Nxd2) 21. Bxa6 $18 Rcd8 22. Qc2 ({White should play} 22. Qe2 $16 {Black must now prevent Bf4.} Qxb4 23. Bb5 Nxe4 24. Nxe4 Qxe4 25. Ra4) 22... Neg4 (22... Qxb4 $2 23. Ra4 Qb8 24. Rb1 $16) (22... Nfg4 $11 23. Bf4 Qxb4) 23. Bg1 $14 Qxb4 (23... Qf4 $14 24. Qe2 Rb8) 24. c6 $18 {[%emt 0:00:15] c7 is the strong threat.} Qd6 {[%emt 0:00:18] Against c7} (24... Qb8 $16 25. Nd5 exd5) 25. Bb7 $1 Qf4 26. Rf1 (26. g3 $1 $18 Qf3+ 27. Qg2 Qxg2+ 28. Kxg2) 26... Qh6 $16 27. c7 $2 {[%emt 0:00:07][%mdl 8192] [#]} (27. Nc4 $16) 27... Rc8 $2 28. Bxa8 {[%emt 0:00:02] Really sharp! White has more active pieces. The black rooks are badly placed.} (28. Bxc8 $16 Nxh2 29. Bxh2) 28... Rxa8 {[%emt 0:00:01] [#]} ({Black should try} 28... Nxh2 $14 29. Bxh2 Bd6) 29. Nc6 $1 $18 Nh5 $2 (29... Bd6 30. Rxa8 Rxa8) 30. Nxe7+ {[%emt 0:00:04] White is clearly winning.} Kh8 31. Qd3 {[%emt 0:00:02] White threatens Rxa8 and mate.} (31. c8=R $2 Ng3#) 31... Rxa1 32. Rxa1 (32. c8=N $2 {loses.} Rxf1 33. g3 Nf2+ 34. Kg2 Nxd3 $19) 32... g6 33. c8=Q {[%emt 0:00:06] Weighted Error Value: White=0.44/Black=0.73} 1-0

[Event "Romanian Team Blitz Open 2022"]
[Site "Sebes"]
[Date "2022.12.04"]
[Round "4.12"]
[White "Craciun, Sasha-Matei"]
[Black "Talu, Mircea"]
[Result "1/2-1/2"]
[ECO "B06"]
[WhiteElo "2001"]
[BlackElo "2327"]
[Annotator "TA"]
[PlyCount "113"]
[EventDate "2022.12.04"]
[EventType "blitz"]
[EventCountry "ROU"]
[SourceTitle "playchess.com"]
[Source "ChessBase"]
[SourceQuality "1"]
[TimeControl "180+2"]

1. e4 g6 2. d4 Bg7 3. Nf3 c6 4. g3 d5 5. e5 f6 {[%emt 0:00:07] [#]} 6. exf6 $146 {[%emt 0:00:05] B06: Modern Defence.} ({Predecessor:} 6. Bg2 Bg4 7. exf6 exf6 8. O-O Ne7 9. Be3 O-O 10. Qd2 Re8 11. h3 Bxf3 12. Bxf3 {0-1 (41) Gabanoudis-Divaris,K Heraklion 2001}) 6... exf6 7. Bg2 Ne7 8. O-O {[%emt 0:00:02] The position is equal.} O-O 9. Re1 Re8 10. Bf4 Nd7 11. Nc3 Nf8 12. a4 g5 13. Bd2 Nfg6 14. h3 h5 15. Nh2 h4 $1 16. Qh5 (16. g4 $11) 16... Kf7 (16... hxg3 $17 17. fxg3 Bf5) 17. Qf3 $11 hxg3 18. fxg3 Nf5 19. Qf2 (19. Rxe8 {is more complex.} Qxe8 20. Re1 Nxd4 21. Qf2) 19... Rxe1+ 20. Rxe1 Bd7 {[%emt 0:00:04] [#]} (20... Kg8 $11 {keeps the balance.}) 21. g4 {[%emt 0:00:14] White is more active.} ({White should play} 21. Nxd5 $1 $16 {[%cal Og2e4][%mdl 512] Be4! is the strong threat.} Kg8 (21... Be6 22. c4) 22. Nb4) 21... Nfh4 $1 22. Bxg5 Nxg2 23. Kxg2 Kg8 24. Bd2 f5 $1 {[%emt 0:00:02] Against h4} 25. gxf5 {[%emt 0:00:11] [#]} (25. g5 $14) 25... Bxf5 $1 $15 26. Kh1 (26. Qg3 Qb6) 26... Qf6 27. Rf1 ({Better is} 27. Ng4 $1 $15 Bxg4 28. Qxf6 Bxf6 29. hxg4) 27... Rf8 $17 (27... Qxd4 $2 28. Qxf5 Qxd2 29. Qxg6 $18) 28. Ne2 Bxh3 {[%emt 0:00:03] This pair of bishops is nice.} (28... Qe7 $17 29. Qe3 Qxe3 30. Bxe3 Bxc2 31. Rxf8+ Bxf8) 29. Qxf6 $15 Rxf6 30. Rxf6 Bxf6 31. Kg1 Nh4 (31... Bf5 $17 32. c3 a5) 32. Kf2 Bf5 33. c3 b6 34. Nf4 Kf7 35. Nf1 Bc2 36. a5 bxa5 37. Ne3 Be4 38. Ng4 Nf5 39. Nxf6 Kxf6 $11 {[%emt 0:00:01][%mdl 4096] Endgame KBN-KBN} 40. Nh5+ Kf7 41. Bf4 Bc2 42. Bc7 a4 43. Nf4 a6 44. Ke2 Ke7 45. Kd2 Bb3 46. Nd3 Nd6 47. Nc5 Nc4+ 48. Kc1 a5 49. Bf4 Kf6 50. Bg3 Kf5 51. Nd3 Ke4 52. Ne5 a3 (52... Nxe5 {simplifies} 53. Bxe5 Kd3 54. Bd6 Bc4) 53. bxa3 {[%emt 0:00:01][%mdl 64] Remove Defender, Deflection} Nxa3 (53... Nxe5 $11 {remains equal.} 54. dxe5 Kf5) 54. Kb2 $1 $16 ({But not} 54. Nxc6 $6 a4 $11) 54... a4 $2 55. Kxa3 $18 c5 56. Nc6 (56. dxc5 $142 d4 57. cxd4) 56... cxd4 57. cxd4 {[%emt 0:00:01][%mdl 32768] Weighted Error Value: White=0.33/Black=0.20 (precise) . An unexpected result.} ({Much less strong is} 57. Nxd4 Bd1 58. Nb5 Kf5 59. Nd6+ Kg5) 1/2-1/2

[Event "Romanian Team Blitz Open 2022"]
[Site "Sebes"]
[Date "2022.12.04"]
[Round "4.13"]
[White "Szabo, Gergely-Andras-Gyula"]
[Black "Soltanici, Ruslan"]
[Result "0-1"]
[ECO "B53"]
[WhiteElo "2514"]
[BlackElo "2357"]
[Annotator "TA"]
[PlyCount "99"]
[EventDate "2022.12.04"]
[EventType "blitz"]
[EventCountry "ROU"]
[SourceTitle "playchess.com"]
[Source "ChessBase"]
[SourceQuality "1"]
[TimeControl "180+2"]

1. e4 c5 2. Nf3 d6 3. d4 cxd4 4. Qxd4 Nc6 5. Bb5 Bd7 6. Bxc6 Bxc6 7. Nc3 h6 8. Be3 e5 {[%emt 0:00:02] B53: Sicilian: 2...d6: Lines with Qxd4.} 9. Qd3 Nf6 10. O-O-O Qd7 {[%emt 0:00:01] The position is equal.} 11. Nd2 b5 12. Nd5 Bxd5 13. exd5 Be7 14. f3 Qb7 15. Ne4 {[%emt 0:00:02] [#]} Rc8 $146 ({Predecessor:} 15... Nxe4 16. fxe4 b4 17. Kb1 a5 18. g4 Bg5 19. h4 Bxe3 20. Qxe3 Rc8 21. g5 Qc7 {0-1 (29) Vrana,J (2306)-Zakhartsov,V (2578) Pardubice 2011}) 16. Kb1 a5 17. g4 Nxe4 18. Qxe4 Rc4 {[%emt 0:00:14] Against h4} 19. Qd3 Bg5 20. Bxg5 hxg5 21. Qf5 Qe7 22. b3 Rc5 23. Rd3 (23. Qd3 $142) 23... g6 $17 24. Qe4 Kf8 25. Rd2 Kg7 26. Rf2 Qf6 27. Rd1 b4 28. Rd3 Rhc8 29. Qe3 Rc3 30. Rfd2 R3c5 31. Rf2 $1 a4 32. bxa4 Ra8 (32... Qd8 $19 {Threatens to win with ...Ra5.} 33. Rb3 Rc3) 33. Rb3 $2 {[%emt 0:00:07] [#]} (33. h4 $17 {was forced.} Qd8 34. hxg5) 33... Rxa4 $19 ({Stronger than} 33... Rxd5 34. Rxb4 Rd1+ 35. Kb2 $17) 34. Rd2 Rca5 35. c3 bxc3 36. Rxc3 Rb4+ 37. Rb3 Rc4 38. Rc3 Rca4 39. Rb3 e4 40. Qc3 exf3 {[%emt 0:00:02] Hoping for ...Qxc3.} 41. Qxf6+ Kxf6 42. Rxf3+ {[%emt 0:00:01][%mdl 4096] Endgame KRR-KRR} Kg7 ({Better is} 42... Rf4 $17 43. Rg3 Rb4+ 44. Kc1 Rba4 45. Rf2+ Rf4) 43. Rdf2 Ra7 ({But not} 43... Rxg4 $6 44. Rxf7+ Kh6 45. Rd2 $15) 44. h3 Rd4 45. Kb2 Rxd5 {[%emt 0:00:01] Black is more active.} 46. Rc3 (46. a3 $17) 46... f5 {[%emt 0:00:04] Black is clearly better.} 47. gxf5 gxf5 48. Rc8 Rb7+ 49. Kc3 Ra5 50. Rd8 {[%emt 0:00:05] Weighted Error Value: White=0.22 (precise) /Black=0.23 (precise)} 0-1

[Event "Romanian Team Blitz Open 2022"]
[Site "Sebes"]
[Date "2022.12.04"]
[Round "4.14"]
[White "Cosma, Ioan"]
[Black "Nevednichy, Vladislav"]
[Result "0-1"]
[ECO "A49"]
[WhiteElo "2368"]
[BlackElo "2499"]
[Annotator "TA"]
[PlyCount "70"]
[EventDate "2022.12.04"]
[EventType "blitz"]
[EventCountry "ROU"]
[SourceTitle "playchess.com"]
[Source "ChessBase"]
[SourceQuality "1"]
[TimeControl "180+2"]

1. d4 Nf6 2. Nf3 g6 3. g3 Bg7 4. Bg2 O-O 5. O-O a5 6. b3 {[%emt 0:00:04] A49: 1 d4 Nf6 2 Nf3 g6 3 g3: Anti-King's Indian systems.} a4 7. Bb2 d5 8. c4 {[%emt 0:00:07] The position is equal.} Nc6 {[%emt 0:00:05] [#]} 9. e3 $146 ({Predecessor:} 9. Nbd2 a3 10. Bc3 Ne4 11. Nxe4 dxe4 12. Ne5 Nxe5 13. dxe5 Bf5 14. h3 h5 15. Kh2 {1-0 (44) Sadhwani,R (2609)-Harika,D (2511) Kolkata 2021}) 9... Bf5 10. cxd5 Nxd5 ({Resist} 10... Qxd5 11. Nc3 Qd7 12. Nxa4 $16 (12. bxa4 Rfd8 $14)) 11. Ne5 (11. bxa4 $14 Nb6 12. Nc3) 11... Bxe5 (11... Nxe5 $17 12. dxe5 Nb4) 12. dxe5 $15 Ndb4 {[%emt 0:00:04] aiming for ...Nc2.} 13. e4 (13. Qc1 $15) 13... Qxd1 $17 14. Rxd1 Be6 {[%emt 0:00:12] [#] ...Nc2 is the strong threat.} 15. Nd2 Rfd8 {[%emt 0:00:10] Hoping for ...axb3.} 16. Bf1 $2 (16. bxa4 $17 {only move.} Rxa4 17. a3) 16... Nd3 $2 (16... axb3 $19 {and Black stays clearly on top.} 17. a3 Nc2) 17. Bc3 Ndxe5 {[%emt 0:00:11] Black is much more active.} 18. Be2 axb3 19. axb3 Rxa1 20. Rxa1 Nd4 21. Kf1 {[%emt 0:00:00] [#]} (21. Bxd4 $17 {is a better defense.} Rxd4 22. Ra2) 21... Bh3+ $19 (21... Bxb3 $2 22. Bxd4 Rxd4 23. Nxb3 Rxe4 24. Nc5 $16) 22. Ke1 Nc2+ {[%emt 0:00:03] Pair of Knights!} 23. Kd1 Nxa1 24. Bxa1 Ng4 25. Bxg4 Bxg4+ {[%emt 0:00:01][%mdl 4096] Endgame KRB-KBN} 26. Kc2 f6 27. f4 h5 {[%emt 0:00:03] Black is clearly winning.} 28. Bc3 Kf7 29. Nc4 b6 30. Ne3 (30. Nb2 $142) 30... Bf3 31. e5 Be4+ 32. Kb2 Rd3 33. Nc4 Rf3 34. Nd2 Rf2 35. exf6 exf6 {[%emt 0:00:01] Weighted Error Value: White=0.48/Black=0.16 (very precise)} 0-1

[Event "Romanian Team Blitz Open 2022"]
[Site "Sebes"]
[Date "2022.12.04"]
[Round "4.15"]
[White "Stoleriu, George"]
[Black "Itkis, Boris"]
[Result "1-0"]
[ECO "B07"]
[WhiteElo "2389"]
[BlackElo "2343"]
[Annotator "TA"]
[PlyCount "47"]
[EventDate "2022.12.04"]
[EventType "blitz"]
[EventCountry "ROU"]
[SourceTitle "playchess.com"]
[Source "ChessBase"]
[SourceQuality "1"]
[TimeControl "180+2"]

1. e4 d6 2. d4 Nf6 3. Nc3 e5 4. dxe5 dxe5 5. Qxd8+ Kxd8 6. Bc4 Ke8 {now scores much better than the old 6...Be6. B07: Pirc Defence: Miscellaneous Systems.} 7. Nf3 Nbd7 (7... Bd6 $14) 8. Bd2 (8. Ng5 $16) 8... Bd6 {[%emt 0:00:02] White is slightly better.} 9. O-O-O a6 {[#]} 10. a4 $146 {[%emt 0:00:02] Inhibits b5.} ({Predecessor:} 10. Rhe1 b5 11. Bb3 Nc5 12. Nh4 b4 13. Nd5 Nxb3+ 14. cxb3 Nxd5 15. exd5 Kd8 16. Re4 {½-½ (46) Dujava,J (1853)-Klemanic,E (2179) Kosice 2014}) 10... b6 (10... b5 $5 11. Ba2 (11. axb5 axb5 12. Bxb5 Nxe4 $15) 11... Bb7 $11) 11. h3 ({White should play} 11. Kb1 $14) 11... Bb7 (11... b5 $5 12. Bd3 (12. axb5 axb5 13. Bxb5 Ra1+ 14. Nb1 Nxe4 $11) 12... b4 $11) 12. Rhe1 h6 13. Ng1 Nc5 (13... b5 $142 14. Bb3 Nc5) 14. f3 $11 Ne6 (14... Kf8 $11 {was preferrable.}) 15. Nge2 Bc5 16. Nd5 Nh5 (16... Nd7 $14) 17. g4 (17. Bc3 $142) 17... Nf6 $16 18. Nxf6+ (18. Bc3 {is more complex.} b5 19. axb5 axb5 20. Bxb5+ c6 21. b4) 18... gxf6 19. c3 {[%emt 0:00:04] Inhibits b5.} ({White should try} 19. Rh1 $14) 19... Ng5 20. Rf1 Nxh3 21. Ng3 Ng5 22. Nf5 {[%emt 0:00:02][%mdl 1024] White has compensation.} Bc8 (22... Rd8 $14) 23. Bd5 {[%emt 0:00:02] White is much more active. The black rooks are badly placed.} Rb8 $2 {[%emt 0:00:02][%mdl 8192] [#]} (23... Bxf5 $16 24. Bxa8 Bd7) 24. Bxg5 {[%emt 0:00:02] Weighted Error Value: White=0.27 (precise) /Black=0.68} 1-0

[Event "Romanian Team Blitz Open 2022"]
[Site "Sebes"]
[Date "2022.12.04"]
[Round "4.16"]
[White "Bulau, Andrei-Cristian"]
[Black "Zubcu, Vlad-George"]
[Result "1-0"]
[ECO "A85"]
[WhiteElo "2154"]
[BlackElo "2135"]
[Annotator "TA"]
[PlyCount "63"]
[EventDate "2022.12.04"]
[EventType "blitz"]
[EventCountry "ROU"]
[SourceTitle "playchess.com"]
[Source "ChessBase"]
[SourceQuality "1"]
[TimeControl "180+2"]

1. d4 d5 2. c4 e6 3. Nc3 c6 4. e3 f5 5. Nf3 Nf6 6. Bd3 Bd6 7. O-O O-O 8. b3 Ne4 9. Qc2 {[%emt 0:00:02] [#] A85: Dutch Defence: 2 c4 Nf6 3 Nc3.} a5 $146 ({Predecessor:} 9... Nd7 10. Bb2 b6 11. Ne2 Bb7 12. Rac1 Rc8 13. Rfd1 Qe8 14. Ne5 Nxe5 15. dxe5 Bb8 16. b4 Qh5 {0-1 (45) Blanco Ronquillo,H (2442)-Dushyant,S (2391) Chess.com INT 2022}) 10. a4 (10. Bb2 $14) 10... Qe7 (10... Na6 $5 11. Na2 b6 $11) 11. Bb2 {[%emt 0:00:14] The position is equal.} Na6 12. Ne5 Nb4 13. Qd1 c5 14. Nb5 Bxe5 15. dxe5 Bd7 16. Bxe4 (16. cxd5 {with more complications.} exd5 17. f3 Ng5 18. Be2) 16... Bxb5 17. Bxd5 (17. cxd5 $2 Bxf1 18. d6 Qd7 $19) 17... exd5 (17... Be8 $14) 18. cxb5 $16 Rfd8 19. Qe2 d4 20. exd4 cxd4 21. Qc4+ Kh8 {[%emt 0:00:01] [#] aiming for ...Rac8.} 22. Rac1 (22. Bxd4 Rac8 23. Bb6 Rxc4 24. Bxd8 Qxd8 $15) 22... Qxe5 (22... d3 $16) 23. Rfd1 $18 Qd5 (23... Na2 $142) 24. Bxd4 (24. Qxd4 Qxd4 25. Rxd4 (25. Bxd4 Nd5 $16) 25... Rxd4 26. Bxd4 Kg8 $18) (24. Rxd4 Qxc4 25. Rcxc4 Nd5 $18) 24... Qxc4 25. bxc4 {[%emt 0:00:01] And now Bb6 would win.} ({But not} 25. Rxc4 $6 Rd7 26. f3 Kg8 $16) 25... Rac8 $2 (25... Kg8 26. Bb6 Rd3) 26. Bb6 $1 Rxd1+ 27. Rxd1 {[%emt 0:00:01] KRB-KRN} h6 28. Rd8+ ({Not} 28. Bxa5 Rxc4 29. Rd8+ Kh7 $18) 28... Rxd8 29. Bxd8 Nd3 {[%emt 0:00:01] Inhibits c5.} 30. Bxa5 Nb2 31. c5 {[%emt 0:00:03][%cal Bc4c5,Bc5c6][%mdl 32] [#] White threatens c6 and mate.} Nxa4 32. c6 {[%emt 0:00:01] Weighted Error Value: White=0.11 (very precise) /Black=0.62} 1-0

[Event "Romanian Team Blitz Open 2022"]
[Site "Sebes"]
[Date "2022.12.04"]
[Round "4.17"]
[White "Patrascu, Catalin-Lucian"]
[Black "Miron, Toma"]
[Result "1-0"]
[ECO "B76"]
[WhiteElo "2279"]
[BlackElo "2188"]
[Annotator "TA"]
[PlyCount "99"]
[EventDate "2022.12.04"]
[EventType "blitz"]
[EventCountry "ROU"]
[SourceTitle "playchess.com"]
[Source "ChessBase"]
[SourceQuality "1"]
[TimeControl "180+2"]

1. e4 c5 2. Nf3 d6 3. d4 cxd4 4. Nxd4 Nf6 5. Nc3 g6 6. Be3 Bg7 7. f3 O-O 8. Qd2 Nc6 9. O-O-O $1 {[%emt 0:00:02] The main line 9.0-0-0 scores better than 9.Bc4.} d5 10. Qe1 e6 11. Nb3 {[%emt 0:00:19] B76: Sicilian Dragon: Yugoslav Attack, 9 g4 and 9 0-0-0.} a5 {[%emt 0:00:04] [#]} 12. a4 $146 ({Predecessor:} 12. Na4 Bd7 13. Bb6 Qc8 14. Bc5 Nb4 15. Nb6 Qc6 16. a4 Rad8 17. e5 Qc7 18. exf6 Bxf6 19. Nxd7 Rxd7 {1-0 (59) Pintor,S (2047)-Guimaraes,R (2065) Sao Joao da Madeira 2014}) 12... Nb4 13. Bb5 {[%emt 0:00:07] next Bc5 is good for White. White is slightly better.} Qc7 (13... Bd7 $11) 14. Kb1 (14. Bc5 $1 $16) 14... dxe4 (14... e5 $1 $11) 15. Bc5 $16 exf3 16. gxf3 (16. Bd6 {looks sharper.} Qb6 17. gxf3 Rd8 18. Qg3) 16... Rd8 {[%emt 0:00:09] Prevents Bd6.} (16... Nfd5 $11) 17. Rxd8+ $2 (17. Qg3 $16 {is necessary to keep the advantage.} e5 18. Rxd8+ Qxd8 19. Rd1 (19. Qxe5 $2 Bf5 $19)) 17... Qxd8 $17 18. Qf2 (18. Qh4 $15) 18... Nfd5 $19 19. Nxd5 Qxd5 (19... Nxd5 $19 20. Qe2 Bd7) 20. Qe2 (20. Qd2 $15) 20... Bd7 $17 21. Rd1 Bxb5 22. axb5 Qe5 ({Black should try} 22... Qh5 $17 {Strongly threatening ...Rc8.} 23. Rd7 Bf6 24. Rxb7 a4 25. Bxb4 axb3 26. cxb3 Qd5) 23. Qxe5 $11 Bxe5 24. Rd7 Nd5 (24... Bxh2 $11 25. c3 a4) 25. Rxb7 $14 {[%emt 0:00:06] c4 is the strong threat.} Bxh2 (25... a4 $16 26. Nc1 a3 27. Bxa3 Bxh2) 26. c4 $1 $18 Nf6 27. Bd4 {[%emt 0:00:07][%mdl 1024] Against h5. White has strong compensation. White has more active pieces.} e5 28. Be3 {[%emt 0:00:05] Black must now prevent b6.} a4 (28... Re8 $16) 29. Nc1 $2 (29. Nd2 $1 $18) 29... a3 (29... e4 $11 {keeps the balance.} 30. f4 Ng4) 30. c5 $16 axb2 31. Kxb2 e4 32. fxe4 ({Worse is} 32. Bd4 exf3 $1 33. Nd3 (33. Bxf6 $2 f2 $19) 33... Ne4 $15) 32... Be5+ $2 (32... Re8 $16) 33. Kb3 $18 Nxe4 34. Nd3 {[%emt 0:00:02] Against Bf4} Bg3 35. c6 $2 ({Better is} 35. Re7 $18 Rd8 36. Kc4) 35... Bd6 $2 (35... Nd6 $14 36. Rb6 h5) 36. Kc4 Nf6 37. c7 $2 (37. Bc5 $18 Bh2 38. Re7) 37... Ne8 $11 38. b6 Rc8 $1 39. Bf4 (39. Kd5 {simplifies} Bxc7 40. bxc7 Nxc7+ 41. Kd6) 39... Bxf4 40. Nxf4 {[%emt 0:00:01][%mdl 4096] Endgame KRN-KRN} Nd6+ 41. Kd5 Nxb7 42. Kc6 Na5+ 43. Kd7 Ra8 {[%emt 0:00:14] Threatens to win with ...h5.} 44. Nd5 Nc4 $2 (44... Nb7 $11) 45. b7 $18 (45. c8=B $2 {too greedy.} Nxb6+ $1 46. Nxb6 Ra7+ 47. Kd6 Kg7 $19) (45. c8=R+ $2 {loses.} Rxc8 46. Kxc8 Nxb6+ $1 47. Nxb6 h5 $19) 45... Ne5+ 46. Kd6 (46. Ke7 $142 Nc6+ 47. Kf6 Ra6 48. c8=Q+ Nd8+ 49. Ke7 Kg7 50. Qxd8 Re6+ 51. Kd7) 46... Nc4+ 47. Kc5 (47. Ke7 $142 Re8+ 48. Kxe8 Kg7 49. c8=Q Nd6+ 50. Ke7 Nf5+ {[#]} 51. Qxf5 $3 gxf5 52. b8=Q) 47... Ra4 48. c8=Q+ {[%emt 0:00:04] White mates.} Kg7 49. b8=Q Nd2 50. Qf8# {[%emt 0:00:03] White used his chance.   Weighted Error Value: White=0.64/Black=0.93} 1-0

[Event "Romanian Team Blitz Open 2022"]
[Site "Sebes"]
[Date "2022.12.04"]
[Round "4.18"]
[White "Campian, Cristian"]
[Black "Creanga, Robert-Ionut"]
[Result "0-1"]
[ECO "B12"]
[WhiteElo "1998"]
[BlackElo "2190"]
[Annotator "TA"]
[PlyCount "56"]
[EventDate "2022.12.04"]
[EventType "blitz"]
[EventCountry "ROU"]
[SourceTitle "playchess.com"]
[Source "ChessBase"]
[SourceQuality "1"]
[TimeControl "180+2"]

1. e4 c6 2. d4 d5 3. e5 Bf5 4. Be3 e6 5. Nd2 Nd7 6. f4 {[%emt 0:00:02] B12: Caro-Kann: Advance Variation.} h5 7. Ngf3 a6 8. Be2 {[%emt 0:00:07] The position is equal.} c5 9. c3 Nh6 {[%emt 0:00:08][%cal Bg8h6,Bh6g4,Bg4f2][%mdl 32] [#]} 10. O-O $146 ({Predecessor:} 10. h3 Be7 11. O-O h4 12. c4 dxc4 13. Nxc4 Be4 14. dxc5 Nf5 15. b4 b5 16. cxb6 Nxe3 17. Nxe3 Qxb6 {1-0 (59) Merry,A (2237)-Lyell,M (2238) Purley 2013}) 10... Ng4 11. Bf2 Nxf2 12. Rxf2 Be7 13. a3 Rc8 14. Rc1 Qb6 15. b4 cxb4 16. cxb4 O-O 17. Nb3 {[%emt 0:00:05] Against a5} Nb8 18. Ne1 (18. Ng5 $11) 18... h4 {[%emt 0:00:07] Black is more active.} ({Black should play} 18... Rxc1 $17 19. Qxc1 Nc6) 19. Nd3 (19. Nc5 $11 {feels stronger.}) 19... Qa7 (19... Rxc1 $15 20. Qxc1 Nc6) 20. Ndc5 (20. g4 $1 $14 {stays ahead.} Be4 21. Rxc8 Rxc8 22. Ndc5) 20... b6 $17 21. Nd3 a5 22. b5 (22. bxa5 $17 {might work better.} bxa5 23. a4) 22... Bxa3 $19 23. Rxc8 (23. Ra1 $17 Be7 24. Bg4) 23... Rxc8 24. g4 hxg3 25. hxg3 a4 {[%emt 0:00:02] Prevents g4.} 26. Nd2 {[%emt 0:00:06] [#]} (26. Na1) 26... Bxd3 {Black is clearly winning.} 27. Bxd3 Rc1 28. Qxc1 Bxc1 {[%emt 0:00:01] Weighted Error Value: White=0.75/Black=0.12 (very precise)} 0-1

[Event "Romanian Team Blitz Open 2022"]
[Site "Sebes"]
[Date "2022.12.04"]
[Round "4.19"]
[White "Butolo, Alexandru-Mircea"]
[Black "Sandru, Nicolae"]
[Result "0-1"]
[ECO "B01"]
[WhiteElo "2043"]
[BlackElo "1647"]
[Annotator "TA"]
[PlyCount "68"]
[EventDate "2022.12.04"]
[EventType "blitz"]
[EventCountry "ROU"]
[SourceTitle "playchess.com"]
[Source "ChessBase"]
[SourceQuality "1"]
[TimeControl "180+2"]

1. e4 d5 2. exd5 Qxd5 3. Nc3 Qa5 4. g3 c6 5. Bg2 Nf6 6. Nf3 Bf5 $1 {[%emt 0:00:04][%mdl 4] is more profitable than 6...Bg4 at the moment. B01: Scandinavian Defence.} 7. d3 Qc7 8. Bf4 Qc8 {[%emt 0:00:06] White is slightly better.} 9. O-O {[%emt 0:00:03] [#]} (9. Qe2 {seems wilder.} Bg4 10. O-O-O e6 11. h3) 9... e6 $146 ({Predecessor:} 9... Bh3 10. Re1 Bxg2 11. Kxg2 e6 12. Qd2 Bb4 13. a3 Ba5 14. b4 Bb6 15. Rad1 Ng4 {1-0 (34) Salamon,S-Vojtko,P Sarospatak 1998}) 10. h3 Be7 11. Qd2 ({White should try} 11. Nh4 $14) 11... O-O 12. Nh4 Bg6 13. Nxg6 hxg6 14. a4 Bb4 15. Be5 Nbd7 16. Bxf6 (16. f4 $14) 16... Nxf6 17. Qf4 Ba5 18. b4 Bc7 19. Qd2 Qd7 20. b5 {[%emt 0:00:06] [#]} (20. Rab1 $11) 20... Nd5 (20... Ba5 $1 $17 {aiming for ...Rac8.} 21. bxc6 bxc6) 21. Nxd5 cxd5 22. Rfb1 Rac8 23. Qe2 Ba5 24. c4 d4 (24... dxc4 $11 25. dxc4 Rc7) 25. Rc1 Bc3 26. Ra2 b6 27. Bc6 Qd6 28. Qe4 Rfd8 29. Bb7 ({White should play} 29. h4 $14) 29... Rc7 30. Bc6 Re7 (30... Rcc8 $11) 31. Kg2 f5 32. Qf3 g5 33. g4 (33. Qh5 $16) 33... Rf8 34. Re2 g6 {[%emt 0:00:15][%mdl 32768] Weighted Error Value: White=0.26 (precise) /Black=0.26 (precise) . Loss on time!?} 0-1